[Event "Titled Tuesday Blitz April 4 Late 2023"]
[White "Ansh M Shah"]
[Black "Schmakel, Sam"]
[WhiteFideId "25033379"]
[BlackFideId "2039311"]
[WhiteElo "2084"]
[BlackElo "2356"]
[Result "0-1"]
[Round "01"]
[TimeControl "180+2"]
[Date "2023.04.04"]
[WhiteClock "0:02:36"]
[BlackClock "0:02:07"]

1. d4 Nf6 2. c4 e6 3. g3 c5 4. Bg2 cxd4 5. Qxd4 Nc6 6. Qd1 d5 7. Nf3 Bb4+ 8. Bd2 dxc4 9. O-O Bxd2 10. Nbxd2 c3 11. bxc3 O-O 12. Rb1 Qc7 13. Nb3 Rd8 14. Qc1 e5 15. Rd1 Bf5 16. Rxd8+ Rxd8 17. Qg5 Bxb1 18. Nfd2 Bg6 0-1


[Site "https://www.chess.com"]

[Event "Titled Tuesday Blitz April 4 Late 2023"]
[White "Thomforde-Toates, Noah"]
[Black "Buchenau, Frank"]
[WhiteFideId "30951992"]
[BlackFideId "4604350"]
[WhiteElo "2704"]
[BlackElo "2157"]
[Result "1-0"]
[Round "01"]
[TimeControl "180+2"]
[Date "2023.04.04"]
[WhiteClock "0:01:37"]
[BlackClock "0:01:13"]

1. d4 e6 2. e4 d5 3. Nd2 c5 4. exd5 Qxd5 5. Ngf3 cxd4 6. Bc4 Qd6 7. O-O Nf6 8. Nb3 Nc6 9. Nbxd4 Nxd4 10. Nxd4 a6 11. a4 Qc7 12. Bb3 Bd6 13. h3 h6 14. Qf3 Bh2+ 15. Kh1 Be5 16. Be3 O-O 17. Rad1 Rd8 18. Rfe1 Nd5 19. Bc1 Nf6 20. c3 Bxd4 21. cxd4 Bd7 22. Bxh6 Bc6 23. Qf4 Ne4 24. Qxc7 1-0


[Site "https://www.chess.com"]

[Event "Titled Tuesday Blitz April 4 Late 2023"]
[White "Garrido, Denis"]
[Black "Beerdsen, Thomas"]
[WhiteFideId "601217"]
[BlackFideId "1030108"]
[WhiteElo "2367"]
[BlackElo "2547"]
[Result "0-1"]
[Round "01"]
[TimeControl "180+2"]
[Date "2023.04.04"]
[WhiteClock "0:01:00"]
[BlackClock "0:02:13"]

1. e4 c5 2. Nf3 Nc6 3. Bc4 Na5 4. Be2 e6 5. d4 cxd4 6. Nxd4 Nf6 7. Nc3 Bb4 8. Bf3 Bxc3+ 9. bxc3 d6 10. O-O a6 11. Qe2 O-O 12. Ba3 Qc7 13. Rad1 Nc4 14. Bc1 Ne5 15. Bg5 Nfd7 16. Bd2 b5 17. g3 Nxf3+ 18. Nxf3 Bb7 19. Rfe1 Rac8 20. Bf4 e5 21. Bd2 Nf6 22. Bc1 Nxe4 23. Qxe4 Bxe4 24. Rxe4 Qxc3 0-1


[Site "https://www.chess.com"]

[Event "Titled Tuesday Blitz April 4 Late 2023"]
[White "Bronstein, Or"]
[Black "Chos, Alexey"]
[WhiteFideId "2815770"]
[BlackFideId "14117762"]
[WhiteElo "2356"]
[BlackElo "2234"]
[Result "1-0"]
[Round "01"]
[TimeControl "180+2"]
[Date "2023.04.04"]
[WhiteClock "0:00:30"]
[BlackClock "0:01:15"]

1. d4 Nf6 2. Bf4 g6 3. Nc3 d5 4. e3 Bg7 5. Nb5 Na6 6. Be2 O-O 7. Nc3 c5 8. Nf3 Ne4 9. Bxa6 bxa6 10. Be5 f6 11. Bf4 Bg4 12. h3 Be6 13. O-O Bf7 14. Nd2 Nxc3 15. bxc3 e5 16. Bg3 Qb6 17. Nb3 cxd4 18. cxd4 Rac8 19. Qd2 Rc4 20. Nc5 Qc6 21. Rab1 f5 22. c3 Rc8 23. Nd3 exd4 24. cxd4 Rc2 25. Qa5 Qc4 26. Nb4 Rc3 27. Nxa6 Bf8 28. Nc5 Bxc5 29. dxc5 Qxc5 30. Qa6 Ra3 31. Qb7 h6 32. Be5 Qf8 33. Bd6 Qxd6 34. Qxc8+ Kg7 35. Rb8 Rxa2 36. Qh8# 1-0


[Site "https://www.chess.com"]

[Event "Titled Tuesday Blitz April 4 Late 2023"]
[White "Qiao, Cindy"]
[Black "Diaz Perez, Michel Alejandro"]
[WhiteFideId "2620243"]
[BlackFideId "3517179"]
[WhiteElo "1777"]
[BlackElo "2334"]
[Result "1-0"]
[Round "01"]
[TimeControl "180+2"]
[Date "2023.04.04"]
[WhiteClock "0:00:18"]
[BlackClock "0:00:04"]

1. d4 Nf6 2. Bf4 d6 3. Nc3 Nbd7 4. Nf3 c5 5. e3 g6 6. Be2 Bg7 7. O-O O-O 8. h3 a6 9. a4 b6 10. Re1 Bb7 11. Qd2 Rc8 12. d5 c4 13. e4 b5 14. axb5 axb5 15. Bf1 Nc5 16. e5 dxe5 17. Bxe5 b4 18. Na2 Qxd5 19. Nxb4 Qxd2 20. Nxd2 Ncd7 21. Nxc4 Nxe5 22. Nxe5 Rfd8 23. Bd3 Nh5 24. Ra7 Ba8 25. Rxe7 Bf8 26. Nxf7 Bxe7 27. Nxd8 Bxd8 28. Be4 Bxe4 29. Rxe4 Kf7 30. c3 Nf6 31. Rd4 Be7 32. Nd5 Nxd5 33. Rxd5 Rb8 34. Rd2 Bg5 35. Re2 Bc1 36. b4 Bf4 37. Re4 Bg5 38. Rc4 h5 39. g3 Bf6 40. Kg2 Rd8 41. Rc5 Rd3 42. c4 Be7 43. Rc7 Rb3 44. b5 Ke6 45. Rc6+ Kf5 46. Rc7 Bf6 47. Rc6 Bd4 48. Rc7 Rb2 49. Rf7+ Ke6 50. Rf3 g5 51. g4 h4 52. Rf5 Bf6 53. Kf1 1-0


[Site "https://www.chess.com"]

[Event "Titled Tuesday Blitz April 4 Late 2023"]
[White "Matinian, Nikita"]
[Black "Peatman, Carter"]
[WhiteFideId "24129100"]
[BlackFideId "2096480"]
[WhiteElo "2422"]
[BlackElo "2003"]
[Result "1-0"]
[Round "01"]
[TimeControl "180+2"]
[Date "2023.04.04"]
[WhiteClock "0:00:51"]
[BlackClock "0:00:01"]

1. e4 e5 2. Nf3 Nf6 3. d4 Nxe4 4. Bd3 Nc6 5. dxe5 Nc5 6. O-O d6 7. Bb5 Bd7 8. Re1 Ne6 9. exd6 Bxd6 10. Bg5 Be7 11. Bxe7 Qxe7 12. Nc3 Qc5 13. a4 Rd8 14. Ne4 Qh5 15. Nfg5 Qxd1 16. Raxd1 O-O 17. Nxe6 Bxe6 18. Bxc6 bxc6 19. Nc5 Bf5 20. c3 Rd5 21. Rxd5 cxd5 22. Re5 Be6 23. Nxe6 fxe6 24. Rxe6 Kf7 25. Ra6 Rb8 26. b4 Rb7 27. Kf1 Ke7 28. Ke2 Kd7 29. b5 g6 30. Kd3 Rb8 31. Rxa7 Kd6 32. Ra6+ Kd7 33. Kd4 Rf8 34. f3 Re8 35. Kxd5 Re2 36. Ra7 Kd8 37. c4 Rd2+ 38. Kc6 Rd6+ 39. Kc5 Rd2 40. a5 Rxg2 41. Kc6 1-0


[Site "https://www.chess.com"]

[Event "Titled Tuesday Blitz April 4 Late 2023"]
[White "Stachanczyk, Jacek"]
[Black "Skvortsov, Andrei"]
[WhiteFideId "1116657"]
[BlackFideId "24108600"]
[WhiteElo "2084"]
[BlackElo "2259"]
[Result "0-1"]
[Round "01"]
[TimeControl "180+2"]
[Date "2023.04.04"]
[WhiteClock "0:00:01"]
[BlackClock "0:00:24"]

1. e4 c5 2. Nf3 d6 3. d4 cxd4 4. Nxd4 Nf6 5. Nc3 g6 6. Be3 Bg7 7. f3 O-O 8. Qd2 d5 9. e5 Ne8 10. f4 f6 11. Nf3 fxe5 12. Nxe5 Nf6 13. O-O-O Nc6 14. Nxd5 Nxd5 15. Qxd5+ Qxd5 16. Rxd5 Nxe5 17. fxe5 Be6 18. Rd4 Rfc8 19. Bd3 Bxa2 20. Rd7 e6 21. Rf1 Bd5 22. Rff7 Bxe5 23. Rxh7 Rd8 24. Bxg6 Rxd7 25. Rxd7 Rf8 26. c3 Bxg2 27. Bd4 Bxd4 28. cxd4 Rf2 29. h4 Bc6 30. Rc7 Rf4 31. h5 Rxd4 32. Bf7+ Kf8 33. Bxe6 Rh4 34. Bf7 a5 35. Bg6 a4 36. Kc2 Rh3 37. Bd3 Rxh5 38. Kc3 Rh3 39. Kd4 Ke8 40. Rg7 Kd8 41. Rf7 Rh5 42. Rg7 Kc8 43. Kc3 Kb8 44. Bc4 Ka7 45. Kb4 Kb6 46. b3 axb3 47. Bxb3 Rh4+ 48. Ka3 Rh5 49. Kb2 Kc5 50. Rg3 Re5 51. Rh3 Kb4 52. Rh4+ Ka5 53. Rh2 Bb5 54. Rf2 Rg5 55. Rh2 Kb6 56. Rf2 Bc6 57. Rh2 Rb5 58. Ka3 Kc7 59. Rh4 Rg5 60. Rh2 Rg3 61. Kb2 Kb6 62. Rh6 Ka5 63. Rh5+ Kb4 64. Rh4+ Kc5 65. Rh5+ Kd6 66. Rh6+ Ke5 67. Rh5+ Kd4 68. Rh2 Be4 69. Ka2 Kc3 70. Rf2 Bc6 71. Rh2 Kb4 72. Rh4+ Ka5 73. Rh5+ Ka6 74. Rh6 Ka7 75. Rh2 Bb5 76. Kb2 Ba6 77. Rf2 Re3 78. Rh2 Kb8 79. Rf2 Kc7 80. Rh2 Bb5 81. Rh7+ Kb6 82. Rh2 Bc6 83. Rh6 Ka5 84. Ka3 Bd5 85. Rh5 Rxb3+ 86. Ka2 Rb5+ 87. Ka1 Bc6 88. Rh3 Kb6 89. Rh4 Ra5+ 90. Kb2 Ra4 91. Rh6 Rg4 92. Rh5 Bb5 93. Rh6+ Ka5 94. Rh5 b6 95. Rh2 Bc4 96. Rh3 b5 97. Ka1 Rg2 98. Rf3 Kb4 99. Rf4 Ra2+ 0-1


[Site "https://www.chess.com"]

[Event "Titled Tuesday Blitz April 4 Late 2023"]
[White "Ezat, Mohamed"]
[Black "Polanco Nunez, Yoel Estarling"]
[WhiteFideId "10600906"]
[BlackFideId "6401783"]
[WhiteElo "2386"]
[BlackElo "2132"]
[Result "1-0"]
[Round "01"]
[TimeControl "180+2"]
[Date "2023.04.04"]
[WhiteClock "0:01:53"]
[BlackClock "0:02:02"]

1. d4 d5 2. c4 c6 3. Nc3 e6 4. e4 Nd7 5. Nf3 dxe4 6. Nxe4 Ngf6 7. Nc3 Bb4 8. Bd3 c5 9. a3 Bxc3+ 10. bxc3 b6 11. O-O Bb7 12. d5 exd5 13. cxd5 Bxd5 14. Re1+ Kf8 15. Bf4 Nb8 16. Bb5 a6 17. c4 axb5 18. cxd5 Qxd5 19. Bd6+ Kg8 20. Qxd5 1-0


[Site "https://www.chess.com"]

[Event "Titled Tuesday Blitz April 4 Late 2023"]
[White "Lopez Del Alamo, Antonio"]
[Black "Veiga, Jose Francisco R P Neves"]
[WhiteFideId "2227339"]
[BlackFideId "1930087"]
[WhiteElo "2175"]
[BlackElo "2320"]
[Result "1-0"]
[Round "01"]
[TimeControl "180+2"]
[Date "2023.04.04"]
[WhiteClock "0:00:05"]
[BlackClock "0:00:18"]

1. e4 Nc6 2. Nc3 e5 3. Bc4 Nf6 4. d3 Bc5 5. f4 d5 6. exd5 Nd4 7. fxe5 Ng4 8. e6 O-O 9. Qxg4 Nxc2+ 10. Kd1 Nxa1 11. Nf3 b5 12. Bh6 Qf6 13. Bg5 Qg6 14. Ne5 h5 15. Nxg6 hxg4 16. Nxf8 bxc4 17. Nd7 Bxd7 18. exd7 f6 19. dxc4 fxg5 20. Kd2 Rd8 21. Rxa1 Rxd7 22. Re1 Rf7 23. Re2 Bd4 24. b3 Kh7 25. Ne4 Kg6 26. Kd3 Bg1 27. c5 Bxh2 28. Kc4 Bg1 29. d6 cxd6 30. cxd6 Bb6 31. Kd5 Rf5+ 32. Kc6 Kf7 33. b4 Re5 34. a3 Ke8 35. Nc3 Rxe2 36. Nxe2 Kf7 37. Nc3 Ke6 38. Nd5 Bd8 39. Ne3 g3 40. Ng4 Kf5 41. Ne3+ Ke4 42. Nc4 Kf4 43. Kd7 Bf6 44. Ke6 Ke4 45. d7 Kd3 46. Ne5+ Ke2 47. Nc6 Kf2 48. Ne7 Kxg2 49. d8=Q Kh2 50. Qd2+ g2 51. Nf5 Kh1 52. Ng3+ Kh2 53. Ne4 Kh1 54. Nf2+ Kh2 55. Ng4+ Kg3 56. Qe1+ Kxg4 57. Qg1 Kh3 58. a4 g4 59. b5 Bg5 60. a5 Bf4 61. b6 Bh2 62. Qe3+ g3 63. Qg5 g1=Q 64. Qh5+ Kg2 65. Qd5+ Kf2 66. bxa7 Kf1 67. a8=Q Qe3+ 68. Qe4 Qxe4+ 69. Qxe4 g2 70. Qf3+ Kg1 71. Kf7 Kh1 72. a6 Be5 73. a7 Kh2 74. Qxg2+ Kxg2 75. a8=Q+ Kh2 76. Qd5 g5 77. Kg6 g4 78. Qxe5+ g3 79. Kg5 Kh3 80. Kf4 g2 81. Kf3 g1=Q 82. Qh5# 1-0


[Site "https://www.chess.com"]

[Event "Titled Tuesday Blitz April 4 Late 2023"]
[White "Cuenca Jimenez, Jose Fernando"]
[Black "Li, Hui"]
[WhiteFideId "2255570"]
[BlackFideId "15400310"]
[WhiteElo "2429"]
[BlackElo "1967"]
[Result "0-1"]
[Round "01"]
[TimeControl "180+2"]
[Date "2023.04.04"]
[WhiteClock "0:00:02"]
[BlackClock "0:00:01"]

1. c4 e6 2. Nf3 d5 3. b3 Nf6 4. g3 Be7 5. Bg2 O-O 6. O-O c5 7. e3 b6 8. Bb2 Bb7 9. Nc3 Ne4 10. Ne2 Bf6 11. Bxf6 Qxf6 12. Qc2 Nd7 13. d3 Nd6 14. cxd5 Bxd5 15. e4 Bb7 16. Rad1 Qe7 17. Nd2 e5 18. f4 Nb5 19. Bh3 Rfd8 20. Nc4 exf4 21. gxf4 Qh4 22. Bg2 Nf8 23. Ne3 Ne6 24. Nf5 Qf6 25. Neg3 Ned4 26. Nxd4 Qxd4+ 27. Kh1 Qc3 28. Qe2 Nd4 29. Qg4 Bc8 30. Qg5 Ne6 31. Qe7 Ba6 32. f5 Nd4 33. Nh5 Ne2 34. Qg5 h6 35. Qg4 Bxd3 36. Rf3 Bxe4 37. Rxc3 Rxd1# 0-1


[Site "https://www.chess.com"]

[Event "Titled Tuesday Blitz April 4 Late 2023"]
[White "Rodriguez Santiago, Jaime"]
[Black "tuschessCM1"]
[WhiteFideId "3100898"]
[WhiteElo "2025"]
[BlackElo "2676"]
[Result "0-1"]
[Round "01"]
[TimeControl "180+2"]
[Date "2023.04.04"]
[WhiteClock "0:01:25"]
[BlackClock "0:01:37"]

1. c4 Nf6 2. Nc3 g6 3. g3 Bg7 4. Bg2 O-O 5. e4 d6 6. Nge2 e5 7. O-O Nc6 8. d3 Nh5 9. Nd5 Be6 10. Nec3 Nd4 11. f4 c6 12. Ne3 exf4 13. gxf4 f5 14. exf5 Nxf5 15. Nxf5 Bxf5 16. d4 Qh4 17. Be3 Rae8 18. Qd2 Re7 19. Rae1 Rfe8 20. b4 Bh6 21. b5 Bxf4 0-1


[Site "https://www.chess.com"]

[Event "Titled Tuesday Blitz April 4 Late 2023"]
[White "Annaberdiyev, Meylis"]
[Black "Weisz, Bryan"]
[WhiteFideId "14000563"]
[BlackFideId "30934133"]
[WhiteElo "2416"]
[BlackElo "2335"]
[Result "0-1"]
[Round "01"]
[TimeControl "180+2"]
[Date "2023.04.04"]
[WhiteClock "0:00:01"]
[BlackClock "0:00:09"]

1. e4 e6 2. d4 d5 3. e5 c5 4. Nf3 Ne7 5. Bd3 Nec6 6. O-O cxd4 7. Re1 b6 8. Nbd2 Ba6 9. Nb3 Bxd3 10. Qxd3 Nd7 11. Nbxd4 Nxd4 12. Qxd4 Rc8 13. c3 g6 14. Bg5 Be7 15. Bh6 Bf8 16. Qd2 Bxh6 17. Qxh6 Qe7 18. Rad1 Rc4 19. Rd4 Rxd4 20. cxd4 Qf8 21. Qd2 Qe7 22. Rc1 O-O 23. Rc7 a5 24. h4 Qd8 25. Rc6 Qa8 26. Rd6 Rd8 27. Qh6 Nf8 28. Qf4 Rxd6 29. exd6 Qd8 30. h5 gxh5 31. Ne5 f6 32. Qg3+ Ng6 33. Nxg6 hxg6 34. Qxg6+ Kf8 35. Qh6+ Ke8 36. Qg7 f5 37. Qe5 Qd7 38. g3 Kd8 39. Qh8+ Qe8 40. Qg7 Qd7 41. Qh8+ Qe8 42. Qh7 Qd7 43. Qxh5 Qxd6 44. Qh8+ Kc7 45. Qg7+ Qd7 46. Qf6 Qd6 47. Kg2 Kc6 48. Kf3 b5 49. Qg6 b4 50. Qe8+ Qd7 51. Qa8+ Kd6 52. Qa6+ Qc6 53. Qxa5 Qc4 54. Kg2 Qxd4 55. Qa6+ Ke5 56. Qc8 Kd6 57. Qb8+ Kc5 58. Qa7+ Kc4 59. b3+ Kc3 60. Qc7+ Kd3 61. Qc1 Qc3 62. Qf1+ Kd4 63. Qd1+ Qd3 64. Qc1 Qe4+ 65. Kh2 Qe2 66. Qf4+ Kc3 67. Qc7+ Kb2 68. Qc5 Kxa2 69. Kg2 Kxb3 70. Kh3 Qc4 0-1


[Site "https://www.chess.com"]

[Event "Titled Tuesday Blitz April 4 Late 2023"]
[White "Leschinsky, Gary"]
[Black "Kilpatrick, Callum"]
[WhiteFideId "30951321"]
[BlackFideId "414425"]
[WhiteElo "1855"]
[BlackElo "2351"]
[Result "1/2-1/2"]
[Round "01"]
[TimeControl "180+2"]
[Date "2023.04.04"]
[WhiteClock "0:01:00"]
[BlackClock "0:00:08"]

1. d4 Nf6 2. c4 g6 3. Nc3 d5 4. Bg5 Ne4 5. Bh4 Nxc3 6. bxc3 dxc4 7. e3 Be6 8. Nf3 Bg7 9. Qb1 O-O 10. Ng5 Bd5 11. e4 h6 12. Nf3 Be6 13. Qxb7 Nd7 14. Be2 c5 15. O-O g5 16. Bg3 g4 17. Nh4 cxd4 18. cxd4 Bxd4 19. Rad1 Qb6 20. Qxb6 Bxb6 21. Nf5 Bxf5 22. exf5 Nf6 23. Bxc4 Rac8 24. Bb3 Rc5 25. Rfe1 Rxf5 26. Rxe7 Nh5 27. Re4 Nxg3 28. Rxg4+ Kh8 29. hxg3 Bxf2+ 30. Kh2 Rh5+ 31. Rh4 Rxh4+ 32. gxh4 Bxh4 33. Rd7 Bf2 34. Bxf7 Bb6 35. g3 Kg7 36. Bd5+ Kf6 37. Kg2 Ke5 38. Bf3 Rc8 39. Rd5+ Kf6 40. Rd6+ Ke7 41. Rd2 Rc3 42. Re2+ Kf6 43. Bg4 Ra3 44. Bf3 Kg5 45. Rc2 Ra5 46. Re2 Rc5 47. Rb2 Rc3 48. Re2 Ra3 49. Rc2 Re3 50. Rd2 Ra3 51. Rc2 1/2-1/2


[Site "https://www.chess.com"]

[Event "Titled Tuesday Blitz April 4 Late 2023"]
[White "Di Nicolantonio, Lucas"]
[Black "Novikova, Galina"]
[WhiteFideId "680460"]
[BlackFideId "4157095"]
[WhiteElo "2358"]
[BlackElo "1953"]
[Result "1-0"]
[Round "01"]
[TimeControl "180+2"]
[Date "2023.04.04"]
[WhiteClock "0:02:07"]
[BlackClock "0:02:16"]

1. Nf3 e6 2. c4 f5 3. g3 Nf6 4. Bg2 Be7 5. Nc3 d6 6. O-O e5 7. d3 O-O 8. Rb1 Qe8 9. b4 Qh5 10. b5 f4 11. c5 Bh3 12. cxd6 cxd6 13. Qb3+ Kh8 14. Bxh3 Qxh3 15. Ng5 Ng4 16. Nxh3 1-0


[Site "https://www.chess.com"]

[Event "Titled Tuesday Blitz April 4 Late 2023"]
[White "Gutkin, Ilya"]
[Black "Rodshtein, Maxim"]
[WhiteFideId "16203470"]
[BlackFideId "2806851"]
[WhiteElo "2265"]
[BlackElo "2555"]
[Result "0-1"]
[Round "01"]
[TimeControl "180+2"]
[Date "2023.04.04"]
[WhiteClock "0:00:01"]
[BlackClock "0:00:14"]

1. Nf3 d5 2. g3 g6 3. Bg2 Bg7 4. c4 dxc4 5. Na3 e5 6. O-O e4 7. Ne1 Nf6 8. Nxc4 O-O 9. d3 Be6 10. Ne3 Nc6 11. dxe4 Re8 12. Nd3 Qe7 13. Nd5 Bxd5 14. exd5 Nb4 15. Nxb4 Qxb4 16. Bd2 Qxb2 17. Rb1 Qxa2 18. Rxb7 Nxd5 19. e4 Nb6 20. Rxc7 Rad8 21. Rc2 Qb3 22. Qb1 Rd3 23. Qxb3 Rxb3 24. Ra2 Nc4 25. Bf4 a5 26. Rc1 Na3 27. Bd6 Nb5 28. Bc5 Nc3 29. Rac2 a4 30. Bf1 Rc8 31. Be3 a3 32. Bd2 Rb2 33. Rxc3 Bxc3 34. Rxc3 Rxc3 35. Bxc3 Rc2 36. Bd4 a2 37. Bf6 Rc6 38. Bd4 Rd6 39. Ba1 Rd1 40. Bf6 h6 41. Kg2 a1=Q 0-1


[Site "https://www.chess.com"]

[Event "Titled Tuesday Blitz April 4 Late 2023"]
[White "Averjanov, Alexey"]
[Black "Ozalp, Burak"]
[WhiteFideId "14109867"]
[BlackFideId "6314210"]
[WhiteElo "2667"]
[BlackElo "2106"]
[Result "1/2-1/2"]
[Round "01"]
[TimeControl "180+2"]
[Date "2023.04.04"]
[WhiteClock "0:00:13"]
[BlackClock "0:00:07"]

1. d4 Nf6 2. c4 g6 3. Nc3 d5 4. cxd5 Nxd5 5. e4 Nxc3 6. bxc3 Bg7 7. Nf3 O-O 8. Be3 c5 9. Qd2 Qa5 10. Rc1 Nc6 11. d5 Ne5 12. Nxe5 Bxe5 13. f4 Bg7 14. c4 Qxd2+ 15. Kxd2 Rd8 16. Bd3 b6 17. Ke2 e6 18. Kf3 exd5 19. cxd5 f5 20. Rhd1 fxe4+ 21. Bxe4 Bf5 22. g4 Bxe4+ 23. Kxe4 Re8+ 24. Kf3 Rad8 25. Rd2 Bf8 26. a4 Bd6 27. Rc4 Rd7 28. Re4 Rxe4 29. Kxe4 a6 30. Rb2 Rb7 31. f5 Kf7 32. Bf4 Bxf4 33. Kxf4 gxf5 34. Kxf5 b5 35. axb5 axb5 36. d6 c4 37. Ke5 c3 38. Rf2+ Ke8 39. Ke6 b4 40. Ra2 Rb8 41. Ra7 c2 42. Rxh7 Kf8 43. Rc7 b3 44. d7 b2 45. Rc8+ Kg7 46. d8=Q Rxc8 47. Qf6+ Kh7 48. Qe7+ Kg8 49. Qf7+ Kh8 50. Qh5+ Kg7 51. Qg5+ Kh7 52. Qe7+ Kg8 53. Qf7+ Kh8 54. Qf6+ Kg8 55. Qg6+ Kh8 56. Qh5+ Kg7 57. Qe5+ Kh7 58. Qe4+ Kg7 59. Qe5+ Kg8 60. Qg5+ Kh7 61. Qh4+ Kg7 62. Qe7+ Kg8 1/2-1/2


[Site "https://www.chess.com"]

[Event "Titled Tuesday Blitz April 4 Late 2023"]
[White "K2JW"]
[Black "Barbosa, Evandro Amorim"]
[BlackFideId "2115824"]
[WhiteElo "2329"]
[BlackElo "2439"]
[Result "0-1"]
[Round "01"]
[TimeControl "180+2"]
[Date "2023.04.04"]
[WhiteClock "0:00:22"]
[BlackClock "0:01:08"]

1. d4 Nf6 2. c4 e6 3. Nf3 c5 4. d5 exd5 5. cxd5 d6 6. Nc3 g6 7. Nd2 Bg7 8. e4 O-O 9. Be2 b6 10. a4 Ba6 11. Bb5 Ne8 12. O-O Nc7 13. Qe2 Re8 14. Qd3 Bxb5 15. axb5 Nd7 16. f4 Nf6 17. h3 Nh5 18. g4 Nf6 19. Nc4 Qd7 20. Rd1 h5 21. g5 Nh7 22. Na3 f6 23. Kg2 fxg5 24. fxg5 Rf8 25. Be3 Be5 26. Rf1 Qe7 27. Qd2 Bxc3 28. bxc3 Qxe4+ 29. Kg1 Rf3 30. Rxf3 Qxf3 31. Qd3 Nf8 32. c4 Re8 33. Nc2 Qg3+ 34. Kh1 Qxh3+ 35. Kg1 Qg3+ 36. Kh1 Qf3+ 37. Kg1 Re4 38. Rf1 Rg4+ 0-1


[Site "https://www.chess.com"]

[Event "Titled Tuesday Blitz April 4 Late 2023"]
[White "Baglan, Esat"]
[Black "Kirillov, Dmitry"]
[WhiteFideId "6309216"]
[BlackFideId "34180572"]
[WhiteElo "2231"]
[BlackElo "2111"]
[Result "1-0"]
[Round "01"]
[TimeControl "180+2"]
[Date "2023.04.04"]
[WhiteClock "0:00:26"]
[BlackClock "0:00:01"]

1. Nf3 d5 2. g3 c6 3. Bg2 Nf6 4. O-O Bg4 5. c4 e6 6. d3 Nbd7 7. Qb3 Nc5 8. Qc2 Bf5 9. Nh4 Bg6 10. Nxg6 hxg6 11. b3 Be7 12. Nd2 Rc8 13. Bb2 Ng4 14. h3 Nf6 15. Rfd1 Qd6 16. e4 d4 17. b4 Ncd7 18. c5 Qe5 19. Nf3 Qh5 20. Bxd4 Rd8 21. Be3 e5 22. d4 exd4 23. Rxd4 O-O 24. Rad1 Ne5 25. Nxe5 Qxe5 26. f4 Qe6 27. Bf2 Rxd4 28. Rxd4 Rd8 29. Rxd8+ Bxd8 30. a3 Bc7 31. Qd3 Nh5 32. e5 g5 33. Qf3 g6 34. Qg4 gxf4 35. Qxe6 fxe6 36. g4 Ng3 37. b5 cxb5 38. Bxb7 Ne2+ 39. Kg2 Nc3 40. c6 a5 41. Kf3 b4 42. axb4 axb4 43. Bd4 Nb5 44. Bb2 g5 45. h4 gxh4 46. Kxf4 Nc3 47. g5 Kg7 48. Ba6 Kg6 49. Kg4 Bxe5 50. Bd3+ Kg7 51. Kxh4 Bc7 52. Kg4 e5 53. Kf5 Kf7 54. Bc4+ Kg7 55. Be6 Bd8 56. Kxe5 Bxg5 57. c7 Bf4+ 58. Kxf4 1-0


[Site "https://www.chess.com"]

[Event "Titled Tuesday Blitz April 4 Late 2023"]
[White "micke12a"]
[Black "Krallis, Christos"]
[BlackFideId "4298896"]
[WhiteElo "2327"]
[BlackElo "2243"]
[Result "1/2-1/2"]
[Round "01"]
[TimeControl "180+2"]
[Date "2023.04.04"]
[WhiteClock "0:00:12"]
[BlackClock "0:00:30"]

1. d4 Nf6 2. Nf3 d5 3. g3 c5 4. Bg2 e6 5. O-O Nc6 6. e3 Be7 7. b3 O-O 8. Bb2 cxd4 9. Nxd4 Nxd4 10. Bxd4 b6 11. Qe2 Bb7 12. Rd1 Qc7 13. c4 dxc4 14. Bxb7 Qxb7 15. Qxc4 Rac8 16. Qe2 Ne4 17. Nd2 Ng5 18. h4 Ne4 19. Qf3 Nd6 20. Qxb7 Nxb7 21. Rac1 f6 22. Bb2 Kf7 23. Ne4 e5 24. Rd7 Nc5 25. Nxc5 bxc5 26. Rxa7 Ra8 27. Rxa8 Rxa8 28. a4 e4 29. Ba3 Rc8 30. Rc4 f5 31. b4 Ke6 32. bxc5 Kd5 33. Rd4+ Ke6 34. a5 Ra8 35. Bb4 Ra6 36. Kg2 Rc6 37. f3 exf3+ 38. Kxf3 g6 39. e4 Rc8 40. exf5+ gxf5 41. h5 Rb8 42. a6 Ra8 43. g4 fxg4+ 44. Kxg4 Rxa6 45. Re4+ Kf7 46. Rf4+ Ke6 47. Re4+ Kf7 48. Kf5 Rh6 49. Kg4 Rc6 50. Rf4+ Ke8 51. Kf5 Bxc5 52. Re4+ Kf7 53. Rc4 Rf6+ 54. Kg4 Bb6 55. Bc3 Re6 56. Rf4+ Kg8 57. Rf6 Re3 58. Rxb6 Rxc3 59. Rb8+ Kg7 60. Rb7+ Kg8 61. Rb8+ Kf7 62. Rb7+ Kf6 63. Rxh7 Rc4+ 64. Kf3 Kg5 65. h6 Kg6 66. Rh8 Rc3+ 67. Kg4 Rc4+ 68. Kf3 Ra4 69. Rg8+ Kxh6 70. Rg2 Kh5 71. Re2 Kg5 72. Re3 Kf5 73. Rd3 Ra1 74. Ke3 Ke5 75. Rb3 Rh1 76. Rb5+ Kd6 77. Rb6+ Kc5 78. Rg6 Kd5 79. Rg5+ Ke6 80. Rg2 Re1+ 81. Re2 Ra1 82. Rd2 Ke5 83. Rd3 Re1+ 84. Kd2 Rh1 85. Re3+ Kd4 86. Re2 Ra1 87. Re8 Ra2+ 88. Kc1 Rh2 89. Rd8+ Kc4 90. Rc8+ Kb3 91. Rb8+ Ka2 92. Ra8+ Kb3 93. Rb8+ Kc4 94. Rc8+ Kd4 95. Rd8+ Kc5 96. Rc8+ Kd6 97. Rd8+ 1/2-1/2


[Site "https://www.chess.com"]

[Event "Titled Tuesday Blitz April 4 Late 2023"]
[White "Jaracz, Pawel"]
[Black "Romero Ruscalleda, Josep"]
[WhiteFideId "1102222"]
[BlackFideId "2231859"]
[WhiteElo "2438"]
[BlackElo "2183"]
[Result "1-0"]
[Round "01"]
[TimeControl "180+2"]
[Date "2023.04.04"]
[WhiteClock "0:00:58"]
[BlackClock "0:00:08"]

1. d4 g6 2. e4 Bg7 3. Nf3 d6 4. Bd3 a6 5. O-O Nc6 6. c3 e5 7. h3 Nf6 8. Re1 O-O 9. Nbd2 Nh5 10. d5 Nf4 11. Bf1 Ne7 12. Kh2 f5 13. g3 fxe4 14. Nxe4 Nh5 15. Nfg5 Bf5 16. Bg2 h6 17. Ne6 Bxe6 18. dxe6 d5 19. Nc5 c6 20. Nd7 Rxf2 21. Nxe5 Nf5 22. Ng4 Rxg2+ 23. Kxg2 Nhxg3 24. e7 Qd7 25. Bxh6 Ne4 26. Rxe4 Qc7 27. Bf4 Nh4+ 28. Kh1 Qd7 29. Bh6 Qf5 30. e8=Q+ Rxe8 31. Rxe8+ Kh7 32. Re7 1-0


[Site "https://www.chess.com"]

[Event "Titled Tuesday Blitz April 4 Late 2023"]
[White "Schuster, Karsten"]
[Black "Tsvetkov, Andrey"]
[WhiteFideId "4611071"]
[BlackFideId "34139360"]
[WhiteElo "2294"]
[BlackElo "2319"]
[Result "0-1"]
[Round "01"]
[TimeControl "180+2"]
[Date "2023.04.04"]
[WhiteClock "0:00:12"]
[BlackClock "0:00:31"]

1. Nf3 d5 2. d4 Nf6 3. b3 c5 4. Bb2 cxd4 5. Bxd4 Nc6 6. Bb2 e6 7. e3 Bb4+ 8. c3 Bd6 9. Be2 O-O 10. O-O a5 11. c4 a4 12. cxd5 Nxd5 13. bxa4 Qe7 14. Nc3 Nxc3 15. Bxc3 Rd8 16. Qb3 e5 17. Rfd1 Be6 18. Qb2 f6 19. Bb5 Bg4 20. h3 Bh5 21. Bc4+ Kh8 22. g4 Bg6 23. Nh4 Rxa4 24. Nxg6+ hxg6 25. Bd3 e4 26. Bb5 Raa8 27. Kg2 Ne5 28. Be2 Rac8 29. Rd5 Nd3 30. Qb3 Rxc3 31. Qxc3 Be5 32. Rxe5 Nxe5 33. Rb1 f5 34. Qb4 Qg5 35. Qb6 fxg4 36. hxg4 Nxg4 37. Bxg4 Qxg4+ 38. Kf1 Rf8 39. Rb2 Qh3+ 40. Kg1 Kh7 41. Qxb7 Rf5 42. Qxe4 Rg5+ 0-1


[Site "https://www.chess.com"]

[Event "Titled Tuesday Blitz April 4 Late 2023"]
[White "Sieciechowicz, Marcin"]
[Black "McNeill, Gordon"]
[WhiteFideId "1130170"]
[BlackFideId "30920760"]
[WhiteElo "2302"]
[BlackElo "2103"]
[Result "1-0"]
[Round "01"]
[TimeControl "180+2"]
[Date "2023.04.04"]
[WhiteClock "0:01:44"]
[BlackClock "0:00:09"]

1. d4 Nf6 2. c4 c5 3. d5 g6 4. Nc3 Bg7 5. e4 d6 6. Nf3 O-O 7. h3 e6 8. Bd3 exd5 9. exd5 Re8+ 10. Be3 Bh6 11. O-O Bxe3 12. fxe3 Qe7 13. e4 Nbd7 14. Qd2 Ne5 15. Nxe5 Qxe5 16. Rf2 Nd7 17. Raf1 f6 18. Nb5 Re7 19. Nc7 Rb8 20. Ne6 Rf7 21. Qe2 Nf8 22. Nf4 a6 23. a4 Bd7 24. b3 Qc3 25. Bc2 b5 26. axb5 axb5 27. Rf3 Qe5 28. Kh1 bxc4 29. bxc4 Rb2 30. Nd3 Qd4 31. Nxb2 Qxb2 32. Qd3 Qe5 33. Qc3 Qxc3 34. Rxc3 Kg7 35. Ra3 Be8 36. Ra6 Rd7 37. Ba4 Rd8 38. Bxe8 Rxe8 39. Rxd6 Rxe4 40. Rdxf6 Re8 41. Rf7+ Kg8 42. Rxf8+ Rxf8 43. Rxf8+ Kxf8 44. Kg1 1-0


[Site "https://www.chess.com"]